[Event "Sunway Sitges Chess Festival"]
[Date "2024.12.21"]
[White "Lever, Erwan"]
[Black "Coles, Robin"]
[WhiteElo "2172"]
[BlackElo "2291"]
[Round "9.31"]
[Result "0-1"]
[TimeControl "40/5400+30:1800+30"]

1. d4 d5 2. c4 e6 3. Nf3 Nf6 4. g3 Be7 5. Bg2 O-O 6. O-O dxc4 7. Qc2 b5 8. a4 b4 9. Ne5 Qxd4 10. Bxa8 Qxe5 11. Bf4 Qh5 12. Bf3 Ng4 13. Bxg4 Qxg4 14. Qxc4 e5 15. Qxc7 exf4 16. Qxe7 fxg3 17. Nd2 gxh2+ 18. Kh1 Nc6 19. Qe4 Qd7 20. Rad1 Re8 21. Qg2 Qe6 22. f3 Nd4 23. Ne4 Nf5 24. Rd3 Ba6 25. Ng5 Qg6 26. Rb3 Ne3 27. Rxe3 Rxe3 28. Rd1 Re8 29. e4 h6 30. Nh3 Qxg2+ 31. Kxg2 Rc8 32. Kxh2 Rc2+ 33. Kg3 Rxb2 34. Rd7 b3 35. Rxa7 Bc4 36. a5 Rd2 37. a6 b2 38. Ra8+ Kh7 39. a7 b1=Q 40. Rh8+ Kxh8 41. a8=Q+ Kh7 42. Qc8 Qe1+ 0-1

[Variant "Standard"]
[Site "Europe Echecs"]

[Event "Sunway Sitges Chess Festival"]
[Date "2024.12.21"]
[White "Torres Rosas, Luis Carlos"]
[Black "Harish, Neeraj"]
[WhiteElo "2277"]
[BlackElo "2153"]
[Round "9.32"]
[Result "1/2-1/2"]
[TimeControl "40/5400+30:1800+30"]

1. d4 Nf6 2. c4 g6 3. Nc3 d5 4. cxd5 Nxd5 5. e4 Nxc3 6. bxc3 Bg7 7. Nf3 c5 8. Be3 Qa5 9. Nd2 O-O 10. Be2 Bd7 11. O-O Qa4 12. Rb1 Qxd1 13. Rfxd1 Bc6 14. f3 e6 15. Nc4 cxd4 16. cxd4 Rd8 17. Rd2 b6 18. Kf2 Bb7 19. Na5 Ba6 20. Bxa6 Nxa6 21. Nc6 Rd7 22. Rc1 Re8 23. Rd3 Nb8 24. a4 Nxc6 25. Rxc6 Red8 26. Rc4 h6 27. Ke2 Kh7 28. Kd2 g5 29. Kc3 Bf6 30. Rd2 Kg7 31. Rb2 Kg6 32. Rb5 Bg7 33. Rbb4 Bf8 34. Rb3 Bg7 35. Rb5 Bh8 36. Rbb4 Bg7 37. Rc6 Kf6 38. Rbc4 Ke7 39. Bf2 Bf6 40. Be3 Bg7 41. Rc7 Rxc7 42. Rxc7+ Rd7 43. Rxd7+ Kxd7 44. Kc4 Kc7 45. g4 Bf8 46. f4 Be7 47. f5 a6 48. Bf2 Ba3 49. Bg3+ Kc6 50. fxe6 fxe6 51. d5+ exd5+ 52. exd5+ Kd7 53. Bf2 Kc7 54. Bd4 Bd6 55. h3 Bf8 56. Be5+ Kd7 57. Bd4 Kc7 58. Bf2 Bg7 59. Bg3+ Kd7 60. Bf2 Kc7 61. Be1 Bf8 62. Bc3 Kd7 63. Be5 Kc8 64. Bb2 Kd7 65. Bc3 Kc7 66. Bd4 Kb7 67. Be5 Kc8 68. Bd4 Kc7 1/2-1/2

[Variant "Standard"]
[Site "Europe Echecs"]

[Event "Sunway Sitges Chess Festival"]
[Date "2024.12.21"]
[White "Brzezina, Piotr"]
[Black "Pniaczek, Marek"]
[WhiteElo "2274"]
[BlackElo "2132"]
[Round "9.33"]
[Result "1-0"]
[TimeControl "40/5400+30:1800+30"]

1. d4 Nf6 2. c4 e6 3. Nf3 d5 4. Nc3 Nbd7 5. Bg5 Bb4 6. e3 c5 7. cxd5 exd5 8. Bd3 Qa5 9. Qc2 c4 10. Bf5 O-O 11. O-O Re8 12. Bh4 g6 13. Bxd7 Nxd7 14. a3 Bxc3 15. bxc3 Nb6 16. Ne5 Kg7 17. h3 f6 18. Ng4 Bxg4 19. hxg4 Re4 20. Bg3 Rxg4 21. Bf4 Rh4 22. f3 Qa4 23. Qf2 g5 24. Bg3 Rh6 25. e4 Rg6 26. Rfe1 Re8 27. Re3 Kf7 28. Qd2 Qd7 29. Rae1 g4 30. e5 f5 31. fxg4 fxg4 32. Rf1+ Kg8 33. Re2 Qg7 34. Ref2 Nd7 35. Bh4 Nf8 36. Bf6 Qd7 37. g3 Ne6 38. Kg2 h5 39. Rh1 Qh7 40. Re2 Rh6 1-0

[Variant "Standard"]
[Site "Europe Echecs"]

[Event "Sunway Sitges Chess Festival"]
[Date "2024.12.21"]
[White "Hauchamps, Maxime"]
[Black "Lam, Chun Yung Samuel"]
[WhiteElo "2269"]
[BlackElo "2065"]
[Round "9.34"]
[Result "1-0"]
[TimeControl "40/5400+30:1800+30"]

1. d4 Nf6 2. c4 c5 3. d5 e6 4. Nc3 exd5 5. cxd5 d6 6. Nf3 g6 7. Nd2 Bg7 8. e4 O-O 9. Be2 Na6 10. O-O Nc7 11. a4 a6 12. Nc4 b5 13. axb5 axb5 14. Rxa8 Nxa8 15. Nxb5 Nxe4 16. Bf4 Qf6 17. g3 Bh3 18. Re1 Nxf2 19. Kxf2 g5 20. Bg4 Bxg4 21. Qxg4 gxf4 22. Qxf4 Qxf4+ 23. gxf4 Rb8 24. Nbxd6 Bd4+ 25.
Kf3 Nc7 26. Ke4 Ne8 27. Kf5 Nc7 28. Re7 Nxd5 29. Rxf7 Rf8 30. Rxf8+ Kxf8 31. Ne4 Ke7 32. Ng5 Nf6 33. b3 h6 34. Nf3 Bf2 35. Kg6 Nd5 36. f5 Bd4 37. Nxd4 cxd4 38. Kg7 d3 39. b4 h5 40. h4 Nf6 41. Nd2 Ne8+ 42. Kg6 Nd6 43. f6+ Kf8 44. Kxh5 Kf7 45. Kg5 Ne8 46. b5 Nxf6 47. b6 Nd7 48. b7 Kg7 49. h5 Kh7 50. h6 Nb8 51. Kh5 Nd7 52. Ne4 Kh8 53. Kg5 Nb8 54. Kg6 d2 55. Nxd2 Nc6 56. h7 Nd8 57. b8=B Nc6 58. Ne4 Ne7+ 59. Kf7 Kxh7 60. Kxe7 Kg6 61. Ke6 Kh5 62. Kf5 Kh4 63. Nf2 Kh5 64. Bg3 Kh6 65. Ng4+ Kg7 66. Bh4 Kf7 67. Bf6 Ke8 68. Ke6 Kf8 69. Nh6 Ke8 70. Nf5 Kf8 71. Be7+ Kg8 72. Kf6 Kh7 73. Kf7 Kh8 74. Bf8 Kh7 75. Ng3 1-0

[Variant "Standard"]
[Site "Europe Echecs"]

[Event "Sunway Sitges Chess Festival"]
[Date "2024.12.21"]
[White "Vivaan Rana"]
[Black "Van Zyl-Rudd, Jack"]
[WhiteElo "1899"]
[BlackElo "2268"]
[Round "9.35"]
[Result "1/2-1/2"]
[TimeControl "40/5400+30:1800+30"]

1. Nc3 c5 2. Nf3 Nf6 3.
d4 d5 4. Bf4 cxd4 5. Nxd4 a6 6. e3 g6 7. Be2 Bg7 8. O-O O-O 9. Qd2 Nc6 10. Nxc6 bxc6 11. h3 Re8 12. Rad1 e5 13. Bh2 Bf5 14. b4 d4 15. Na4 a5 16. b5 d3 17. Bxd3 Bxd3 18. cxd3 cxb5 19. Nc3 b4 20. Ne2 Nd5 21. Rc1 Qb6 22. Rc4 b3 23. Rb1 bxa2 24. Qxa2 Nb4 25. Qa4 Qa6 26. Nc3 Red8 27. Nb5 Qb6 28. d4 Rac8 29. Rbc1 Rb8 30. Rb1 Rbc8 1/2-1/2

[Variant "Standard"]
[Site "Europe Echecs"]

[Event "Sunway Sitges Chess Festival"]
[Date "2024.12.21"]
[White "Wang, Lachlan"]
[Black "Yang, Qindong"]
[WhiteElo "1848"]
[BlackElo "2258"]
[Round "9.36"]
[Result "1/2-1/2"]
[TimeControl "40/5400+30:1800+30"]

1. e4 c5 2. Nf3 d6 3. d4 cxd4 4. Nxd4 Nf6 5. Nc3 a6 6. Rg1 b5 7. g4 Bb7 8. g5 Nxe4 9. Nxe4 Bxe4 10. a4 b4 11. Qe2 d5 12. f3 Bg6 13. f4 Be4 14. Be3 e6 15. Bg2 Qc7 16. Bxe4 dxe4 17. Qg2 Nd7 18. Qxe4 Rc8 19. h4 Nc5 20. Qg2 Qb7 21. Qxb7 Nxb7 22. Rg2 Nc5 23. Ke2 g6 24. h5 Bd6 25. Kf3 Ke7 26. Nb3 Nxb3 27. cxb3 Bc5 28. Rd1 Bxe3 29. Kxe3 gxh5 30. Rh1 h6 31. g6 Rcg8 32. g7 Rh7 33. Rxh5 Rhxg7 34. Rxg7 Rxg7 35. Kf3 Rg1 36. Rxh6 Rf1+ 37. Ke3 Re1+ 38. Kf3 Rf1+ 39. Ke3 Re1+ 40. Kf3 Rb1 41. Rh2 Kf6 42. Re2 Rf1+ 43. Kg4 Rd1 44. Re4 a5 45. Re5 Rd5 46. Re3 Kg6 47. Re2 Rd3 48. Re5 Rxb3 49. Rg5+ Kh6 50. Rh5+ Kg6 51. Rg5+ Kf6 52. Rxa5 Rxb2 53. Rb5 Kg6 54. Rg5+ Kh6 55. Rh5+ Kg7 56. Rg5+ Kf6 57. Rb5 b3 58. a5 Kg6 59. Rg5+ Kh6 60. Rh5+ Kg6 61. Rg5+ Kf6 62. Rb5 Rg2+ 63. Kf3 Ra2 64. Rxb3 Rxa5 65. Kg4 Ra4 66. Rb5 Re4 67. Kf3 Rd4 68. Kg4 Rd5 69. Rb3 Kg6 70. Re3 Ra5 71. Rb3 Ra4 72. Re3 Rb4 73. Kg3 Ra4 74. Kg4 Ra6 75. Re5 f5+ 76. Kh4 Kf6 77. Re3 Ra1 78. Kg3 Rb1 79. Kf3 Ke7 80. Kg3 Rd1 81. Kf3 Rd2 82. Ra3 Rd1 83. Re3 Rd4 84. Ra3 Rc4 85. Rd3 Rc5 86. Ra3 Kd6 87. Rd3+ Rd5 88. Re3 Rd4 89. Ra3 Kd5 90. Ra5+ Kc4 91. Re5 Rd3+ 92. Ke2 Rd6 93. Kf3 Kd4 94. Re3 Rc6 95. Re5 Ra6 96. Re3 Rb6 97. Re5 Rc6 98. Kf2 Rb6 99. Kf3 Kd3 100. Re3+ Kd2 101. Re2+ Kd1 102. Re5 Rc6 103.
Re3 Kd2 104. Re2+ Kd3 105. Re3+ Kd4 106. Re5 Rb6 107. Kf2 1/2-1/2

[Variant "Standard"]
[Site "Europe Echecs"]

[Event "Sunway Sitges Chess Festival"]
[Date "2024.12.21"]
[White "Chia, Yu Zhe Ashton"]
[Black "Janiashvili, Mariami"]
[WhiteElo "2252"]
[BlackElo "2017"]
[Round "9.37"]
[Result "1-0"]
[TimeControl "40/5400+30:1800+30"]

1. e4 d5 2. Nc3 dxe4 3. Nxe4 Bf5 4. Ng3 Bg6 5. h4 h6 6. Nf3 Nf6 7. Ne5 Bh7 8. Bc4 e6 9. Qe2 Qe7 10. d4 Nbd7 11. Bf4 Nd5 12. Bd2 Nxe5 13. dxe5 O-O-O 14. O-O-O Qc5 15. Ne4 Qc6 16. Bb3 Bb4 17. c3 Be7 18. Bc2 Rd7 19. c4 Nb6 20. b3 Ba3+ 21. Kb1 Rhd8 22. f3 Bxe4 23. Bxe4 Qc5 24. Bc2 Nxc4 25. Bf4 Rxd1+ 26. Rxd1 Rxd1+ 27. Bxd1 Nb6 28.
Qc2 Nd5 29. Qxc5 Bxc5 30. Bd2 Bf2 31. h5 Bg3 32. Kc2 Bxe5 33. Kd3 Kd7 34. g4 Bf4 35. Be1 f5 36. b4 Kd6 37. Bb3 Ke5 38. b5 Kd6 39. Bf2 a6 40. bxa6 bxa6 41. Bc4 fxg4 42. fxg4 Nf6 43. Bxa6 Nxg4 44. Bg1 Bh2 45. Ba7 Nf6 46. a4 Bg3 47. Bb7 Be1 48. Bf3 e5 49. Kc4 e4 50. Be2 Ke5 51. Kb5 Nd5 52. Kc4 Nf4 53. Bg4 Kf6 54. Bb8 Kg5 55. Bd1 Nxh5 56. Bxc7 Nf4 57. a5 Bxa5 58. Bxa5 h5 59. Kd4 Kf5 60. Ba4 g5 61. Bd7+ Kf6 62. Kxe4 Ne6 63. Bc3+ Ke7 64. Bc6 g4 65. Kf5 Kd6 66. Be8 g3 67. Be5+ Ke7 68. Bc6 h4 69. Kg4 Nd8 70. Bd5 Nf7 71. Bf4 Nd6 72. Bg5+ Kd7 73. Bxh4 Nb5 74. Bxg3 Nc7 75. Bc4 Kc6 76. Kf5 Kc5 77. Be2 Nd5 78. Ke5 Nb4 79. Bf2+ Kc6 80. Be1 Kc5 81. Bf2+ Kc6 82. Kd4 Kd6 83. Bg3+ Kc6 84. Kc4 Na6 85. Bf3+ Kb6 86. Bf2+ Kc7 87. Kb5 Nb8 88. Bg3+ Kc8 89. Bg4+ Kb7 90. Bf5 Ka7 91. Bc8 Ka8 92. Bf2 1-0

[Variant "Standard"]
[Site "Europe Echecs"]

[Event "Sunway Sitges Chess Festival"]
[Date "2024.12.21"]
[White "Donate Villalba, Juan Francisco"]
[Black "Patzelt, Nikolaus"]
[WhiteElo "1997"]
[BlackElo "2169"]
[Round "9.38"]
[Result "1-0"]
[TimeControl "40/5400+30:1800+30"]

1. e4 c5 2. Nc3 a6 3. g3 b5 4. Bg2 Bb7 5. d3 e6 6. Nh3 Qc7 7. O-O Be7 8. Qg4 h5 9. Qd1 Nc6 10. f4 Nf6 11. Ng5 c4 12. Kh1 Qb6 13. Nf3 cxd3 14. cxd3 Bc5 15. e5 Ng4 16. Ne4 Nf2+ 17. Rxf2 Bxf2 18. d4 h4 19. Nxf2 hxg3 20. Ne4 gxh2 21. Nd6+ Kf8 22. Be3 Ne7 23. Nxb7 Qxb7 24. Qd3 Rc8 25. Ng5 Qc7 26. Bd2 Nf5 27. Bb4+ Kg8 28. Bc5 f6 29. Ne4 fxe5 30. fxe5 Qd8 31. Ng3 Nh4 32. Be4 Qg5 33. Rf1 Rh6 34. b4 Ng6 35. Qf3 Kh8 36. Bb7 Rb8 37. Ne4 Qh4 38. Nd6 Rh5 39. Be4 Rh6 40. Nf7+ Kg8 41. Nxh6+ Qxh6 42. Qf7+ Kh7 43.
Qxg6+ Qxg6 44. Bxg6+ Kxg6 45. Kxh2 Rh8+ 46. Kg3 Rh5 47. Be7 Rh8 48. Rc1 Re8 49. Bh4 Kf5 50. Kf3 g5 51. Bg3 g4+ 52. Ke3 a5 53. bxa5 Ra8 54. Be1 Rh8 55. Bg3 Ra8 56. Rf1+ Kg5 57. Be1 Rh8 58. Rg1 Rh2 59. Bf2 Kf5 60. Rf1 Kg5 61. Ke4 Rh3 62. Be3+ Kh4 63. a6 Kg3 64. Rf8 1-0

[Variant "Standard"]
[Site "Europe Echecs"]

[Event "Sunway Sitges Chess Festival"]
[Date "2024.12.21"]
[White "Comellas Blanchart, Jordi"]
[Black "Schmitt, Carsten"]
[WhiteElo "2080"]
[BlackElo "1976"]
[Round "9.39"]
[Result "1-0"]
[TimeControl "40/5400+30:1800+30"]

1. d4 Nf6 2. c4 e6 3. g3 Bb4+ 4. Nd2 O-O 5. Bg2 d5 6. Nf3 b6 7. O-O Bb7 8. cxd5 exd5 9. a3 Bd6 10. b4 a5 11. b5 c6 12. Qa4 cxb5 13. Qxb5 Ba6 14. Qb2 Nbd7 15. Re1 Re8 16. Nf1 h6 17. Ne3 b5 18. Bd2 Rb8 19. Nh4 b4 20. axb4 Bxb4 21. Bxb4 Rxb4 22. Qa2 Rxd4 23. Nhf5 Rb4 24. Nxd5 Bc4 25. Qxa5 Qxa5 26. Rxa5 Nxd5 27. Bxd5 Rxe2 28. Ne7+ Kf8 29. Rxe2 Bxe2 30. Nc6 Rb1+ 31. Kg2 Bf1+ 32. Kf3 g5 33. Ra7 Nc5 34. Rxf7+ Ke8 35. Rc7 Kf8 36. Ne5 Nb3 37. Rf7+ Ke8 38. Bc6+ Kd8 39. Rd7+ Kc8 40. Bb7+ Kb8 41. Nc6# 1-0

[Variant "Standard"]
[Site "Europe Echecs"]

[Event "Sunway Sitges Chess Festival"]
[Date "2024.12.21"]
[White "Colomer Gomez, Jordi"]
[Black "Woozeer, Seth"]
[WhiteElo "1981"]
[BlackElo "1771"]
[Round "9.40"]
[Result "1-0"]
[TimeControl "40/5400+30:1800+30"]

1. e4 c5 2. Nc3 Nc6 3. Bb5 Nd4 4. Nf3 a6 5. Bd3 g6 6. O-O Bg7 7. Re1 Nh6 8. Rb1 d6 9. Nxd4 cxd4 10. Ne2 O-O 11. c3 dxc3 12. dxc3 e6 13. Nf4 b5 14. Qf3 Bb7 15. Qh3 Bc8 16. Qf3 Bb7 17. Qh3 Bc8 18. Qg3 Qf6 19. Nh3 e5 20. Bc2 Qe7 21. Bb3 Be6 22. Bd5 Bxd5 23. exd5 Nf5 24. Qd3 Qb7 25. b3 Rac8 26. Ng5 Ne7 27. Rd1 Qc7 28. Ba3 Rfd8 29. Qf3 Nf5 30. g4 Nh6 31. Rbc1 Qa5 32. Bb4 Qb6 33. Ba3 a5 34. Bb2 a4 35. Ba3 axb3 36. axb3 Qa7 37. Bb4 Qe7 38. Ne4 f5 39. gxf5 gxf5 40. Ng3 Qg5 41. Kh1 e4 42. Qh5 Qxh5 43. Nxh5 Ng4 44. Kg2 Ne5 45. Ra1 Rd7 46. Ra6 Nd3 47. Ng3 Nf4+ 48. Kf1 Bxc3 49. Rc1 Nxd5 50. Bxd6 Rcd8 51. Nxf5 Bb4 52. Be5 Bd2 53. Rd1 Nc3 54. Rda1 Nd5 55. Ra7 Bf4 56. Bb2 Bd2 57. Rxd7 Rxd7 58. Rd1 Bf4 59. Rxd5 Rxd5 60. Ne7+ Kf7 61. Nxd5 Bxh2 62. Bd4 Bd6 63. Nc3 b4 64. Nxe4 Be7 65. Bc5 Bxc5 66. Nxc5 Ke7 67. Nd3 Kd6 68. Nxb4 Kc5 69. Nc2 1-0

[Variant "Standard"]
[Site "Europe Echecs"]

[Event "Sunway Sitges Chess Festival"]
[Date "2024.12.21"]
[White "Fernandez Muixi, Francesc"]
[Black "Schulman, Julia"]
[WhiteElo "1926"]
[BlackElo "1852"]
[Round "9.41"]
[Result "1/2-1/2"]
[TimeControl "40/5400+30:1800+30"]

1. e4 c5 2. Nf3 d6 3. d4 cxd4 4. Nxd4 Nf6 5. Nc3 g6 6. Be3 Bg7 7. f3 Nc6 8. Bc4 O-O 9. Qd2 Bd7 10. O-O-O Rb8 11. Bb3 a5 12. a4 Nxd4 13. Bxd4 b5 14. axb5 Bxb5 15. Nxb5 Rxb5 16. Ba4 Rb4 17. b3 Nxe4 18. fxe4 Rxd4 19. Qe3 Rb4 20. c3 Qc7 21. Rd3 Rc8 22. Kd2 Rbb8 23. c4 Be5 24. Ke2 Rf8 25. h4 Qc8 26. h5 Qg4+ 27. Qf3 Qg5 28. Rd5 Ra8 29. Rd3 e6 30. Kd1 Rab8 31. Qh3 Qxh5+ 32. Qxh5 gxh5 33. Rxh5 f5 34. exf5 Rxf5 35. Rxf5 exf5 36. Ke2 Kf7 37.
Bc6 Rb6 38. Bd5+ Kf6 39. Rh3 Kg6 40. Bf3 h6 41. Bd5 Ra6 42. Rf3 a4 43. bxa4 Rxa4 44. Rd3 Kg5 45. Rd2 h5 46. Rd1 h4 47. Rd3 Bg3 48. Rd2 Ra1 49. Rd1 Ra7 50. Rd3 Re7+ 51. Re3 Re5 52. Kf3 Kf6 53. Re2 Kg5 54. Re3 Bf4 55. Re2 Rxe2 56. Kxe2 Kg4 57. Bb7 Kg3 58. Bd5 Be5 59. Bb7 h3 60. gxh3 Kxh3 61. Kf3 Kh4 62. Bd5 Kg5 63. Bb7 Kf6 64. Bd5 Ke7 65. Bc6 Kd8 66. Bd5 Kc7 67. Be6 f4 68. Bg8 Kc6 69. Bd5+ Kc5 70. Bg8 Kc6 71. Bd5+ 1/2-1/2

[Variant "Standard"]
[Site "Europe Echecs"]

[Event "Sunway Sitges Chess Festival"]
[Date "2024.12.21"]
[White "Koridze, Lile"]
[Black "Maloberti, David"]
[WhiteElo "2107"]
[BlackElo "1982"]
[Round "9.42"]
[Result "1-0"]
[TimeControl "40/5400+30:1800+30"]

1. d4 Nf6 2. c4 g6 3. Nc3 Bg7 4. e4 d6 5. Nf3 O-O 6. Be2 e5 7. Be3 Ng4 8. Bg5 f6 9. Bc1 h5 10. O-O Nc6 11. h3 Nh6 12. Be3 Nf7 13. Nd5 f5 14. exf5 Bxf5 15. Qd2 Qd7 16. dxe5 Nfxe5 17. Ng5 b6 18. Nf4 Rae8 19. Qd5+ Kh8 20. g4 Qe7 21. Ng2 hxg4 22. hxg4 Bxg4 23. Bxg4 Nxg4 24. Rae1 Nb4 25. Qd2 Qe5 26. Nf7+ Rxf7 27. Bf4 Qxb2 28. Rxe8+ Kh7 29. Qd1 Ne5 30. Bxe5 dxe5 31. Qg4 Qd2 32. Ne3 Nd3 33. Qh3+ Bh6 34. Ng4 Qg5 35. f3 Nf4 36. Qh2 Nd3 37. Kh1 Qh5 38. Qxh5 gxh5 39. Nxe5 Nxe5 40. Rxe5 h4 41. Kg2 Kg6 42. Re6+ Kh5 43. Rfe1 Bf4 44. Re7 Rf6 45. R1e6 Rf5 46. Rh7+ Kg5 47. Rg7+ Kh5 48. Re8 Rc5 49. Rh8+ Bh6 50. Rg4 Rf5 51. Rh7 c5 52. Rxa7 h3+ 53. Kg3 h2 54. Rh4+ Kg6 55. Kxh2 Rxf3 56. Kg2 Rf6 57. Re4 Bd2 58. Rae7 1-0

[Variant "Standard"]
[Site "Europe Echecs"]

[Event "Sunway Sitges Chess Festival"]
[Date "2024.12.21"]
[White "Sayce, Hannah"]
[Black "Beisteiner, Joachim"]
[WhiteElo "1821"]
[BlackElo "2161"]
[Round "9.43"]
[Result "0-1"]
[TimeControl "40/5400+30:1800+30"]

1. e4 e5 2. Nf3 Nc6 3. Bb5 a6 4. Ba4 Nf6 5. d3 Bc5 6. O-O d6 7. c3 Ba7 8. Bg5 h6 9. Bh4 O-O 10. Re1 g5 11. Bg3 Ne7 12. d4 Ng6 13. dxe5 dxe5 14. Nxe5 Nxe5 15. Qxd8 Rxd8 16. Bxe5 Bxf2+ 17. Kxf2 Ng4+ 18. Kg1 Nxe5 19.
Bc2 Bg4 20. Rf1 Kg7 21. Na3 Rd2 22. h3 Be6 23. b3 Rad8 24. Rfd1 Rxd1+ 25. Rxd1 Rxd1+ 26. Bxd1 Nd3 27. Nc2 Nc1 28. Nd4 Nxa2 29. Nxe6+ fxe6 30. c4 Kf6 31. Kf2 c5 32. Ke3 Ke5 33. g3 Nb4 34. Be2 Nc6 35. Bd1 Ne7 36. Be2 Nc8 37. Bf1 Nd6 38. Bg2 b5 39. cxb5 axb5 40. Bf3 c4 41. bxc4 Nxc4+ 42. Kd3 Kd6 43. Kd4 e5+ 44. Kd3 Kc5 45. Bh5 Nd6 46. Bd1 b4 47. h4 Nb5 48. Bb3 Nd4 49. Bd5 Kb5 50. hxg5 hxg5 51. g4 Ka4 52. Kd2 Ka3 53. Bc4 b3 54. Kc1 Nf3 55. Bd3 b2+ 56. Kd1 Ka2 57. Ke2 Nd4+ 0-1

[Variant "Standard"]
[Site "Europe Echecs"]

[Event "Sunway Sitges Chess Festival"]
[Date "2024.12.21"]
[White "Swara Lakshmi S Nair"]
[Black "Nalbandyan, Vahan"]
[WhiteElo "1976"]
[BlackElo "2197"]
[Round "9.44"]
[Result "0-1"]
[TimeControl "40/5400+30:1800+30"]

1. e4 c6 2. d4 d5 3. Nc3 dxe4 4. Nxe4 Nf6 5. Nxf6+ exf6 6. c3 Bd6 7. Bd3 Na6 8. Qc2 h5 9. Ne2 Nc7 10. Bd2 Nd5 11. a3 Kf8 12. c4 Ne7 13. Be3 h4 14. h3 Be6 15. Nc3 f5 16. Ne2 Kg8 17. Rd1 b5 18. d5 cxd5 19. cxb5 Be5 20. f4 Bc7 21. Nd4 Rc8 22. Nxe6 fxe6 23. Qa4 Bb6 24. Bd4 g5 25. fxg5 Rh5 26. Be2 Rxg5 27. Bf3 Rc4 28. Qxc4 dxc4 29. Bf6 Qc7 30. Bxg5 Qg3+ 31. Kd2 Qxg5+ 32. Kc2 e5 33. Kb1 Bd4 34. Rhe1 Kf8 35. Re2 Qf6 36. Rc2 Qe6 37. Rdc1 e4 38. Be2 c3 39. bxc3 Be3 40. Rd1 Qb3+ 41. Rb2 Qxc3 42. Rd8+ Kg7 43. Rd1 Bd4 44. Rdd2 Nd5 45. Ka2 Ne3 46. a4 Kf6 47. Kb1 Nc4 48. Bxc4 Qxc4 49. Rbc2 Qb4+ 50. Kc1 Be3 51. Kd1 Bxd2 52. Rxd2 Qxa4+ 53. Ke1 Ke5 54. Re2 Qa1+ 55. Kf2 Kf4 0-1

[Variant "Standard"]
[Site "Europe Echecs"]

[Event "Sunway Sitges Chess Festival"]
[Date "2024.12.22"]
[White "Moussard, Jules"]
[Black "Vetokhin, Savva"]
[WhiteElo "2649"]
[BlackElo "2502"]
[Round "10.1"]
[Result "1/2-1/2"]
[TimeControl "40/5400+30:1800+30"]

1. e4 c5 2. Nf3 g6 3. d4 cxd4 4. Nxd4 Nc6 5. c4 Nf6 6. Nc3 d6 7. Nc2 Bg7 8. Be2 O-O 9. O-O Nd7 10. Bd2 Nc5 11. b4 Ne6 12. Rc1 Ned4 13. Nxd4 Nxd4 14. Bd3 e5 15. Ne2 Nxe2+ 16. Bxe2 Be6 17. b5 Qh4 18. Be3 Rfd8 19. Qd2 Qe7 20. a4 f5 21. f3 a6 22. a5 Rd7 23. Rfd1 Bf6 24. Rb1 axb5 25. cxb5 d5 26. exd5 Rxd5 27. Qe1 Rxd1 28. Rxd1 Qa3 29. Bb6 Be7 30. a6 bxa6 31. bxa6 Bc5+ 32. Bxc5 Qxc5+ 33. Qf2 Qxf2+ 34. Kxf2 Kf7 35. Ke3 Ra7 36. g3 g5 37. f4 exf4+ 38. gxf4 g4 39. Rd6 h5 40. Rb6 Bc8 41. Bc4+ Kg7 42. Rc6 Bd7 43. Rb6 Bc8 44. Rc6 Bd7 45. Rd6 Bc8 46. Kd4 h4 47. Kc5 g3 48. hxg3 hxg3 49. Kb6 g2 50. Rd1 Bxa6 51. Bxa6 Re7 52. Rg1 Re6+ 53. Kb7 Rg6 54. Be2 Kf8 55. Kc7 Ke7 56. Kb7 Kd6 57. Bf3 Rg3 58. Bxg2 Rg4 59. Rd1+ Ke7 60. Bd5 Rxf4 61. Kc6 Kf6 62. Kd6 Ra4 63. Re1 Ra6+ 64. Bc6 Kg5 65. Rc1 Ra2 66. Bd5 Re2 67. Rc8 f4 68. Rg8+ Kh4 69. Kc5 Kh3 70. Kd4 Rd2+ 71. Ke5 Rxd5+ 72. Kxd5 f3 73. Ke4 f2 74. Rf8 Kg2 75. Rxf2+ Kxf2 1/2-1/2

[Variant "Standard"]
[Site "Europe Echecs"]

[Event "Sunway Sitges Chess Festival"]
[Date "2024.12.22"]
[White "Tin, Jingyao"]
[Black "Ilamparthi A R"]
[WhiteElo "2480"]
[BlackElo "2391"]
[Round "10.2"]
[Result "1/2-1/2"]
[TimeControl "40/5400+30:1800+30"]

1. d4 Nf6 2. c4 g6 3. Nc3 Bg7 4. e4 d6 5. Nf3 O-O 6. Be2 e5 7. O-O b6 8. Be3 Nc6 9. d5 Ne7 10. Nd2 a5 11. a3 h5 12. f3 Nh7 13. b4 axb4 14. axb4 Rxa1 15. Qxa1 f5 16. Qa7 Bd7 17. c5 bxc5 18. bxc5 fxe4 19. fxe4 Rxf1+ 20. Bxf1 dxc5 21. Nb3 c6 22. d6 Nc8 23. Bc4+ Kf8 24. Qb7 Ke8 25. Bxc5 Bf8 26. Qb4 Qf6 27. Ba6 Nxd6 28. Qb8+ Kf7 29. Qa7 Qe6 30. Bf2 Qxb3 31. Qxd7+ Be7 32. Qxc6 Nf6 33. Bd3 Nfxe4 34. Bxe4 Nxe4 35. Qxe4 Qxc3 36. h3 Qc1+ 37.
Kh2 Qg5 38. Qd5+ Kg7 39. Qd7 Kh6 40. Be1 Bc5 41. Qe8 Qf6 42. Bd2+ Kg7 43. Qd7+ Be7 44. Qd5 Qf5 45. Qb7 Kf7 46. Qd5+ Qe6 47. Qxe6+ Kxe6 48. Kg3 Kf5 49.
Kf3 e4+ 50. Ke2 g5 51. Bc1 g4 52. Bd2 Bd6 53. Bc1 Bf4 54. Ba3 Kg5 55. Be7+ Kf5 1/2-1/2

[Variant "Standard"]
[Site "Europe Echecs"]

[Event "Sunway Sitges Chess Festival"]
[Date "2024.12.22"]
[White "Gholami Orimi, Mahdi"]
[Black "Li, Di"]
[WhiteElo "2402"]
[BlackElo "2440"]
[Round "10.3"]
[Result "1/2-1/2"]
[TimeControl "40/5400+30:1800+30"]

1. d4 Nf6 2. c4 g6 3. g3 c6 4. Bg2 d5 5. Qa4 Nfd7 6. cxd5 Nb6 7. Qb3 cxd5 8. Nc3 Nc6 9. e3 Bg7 10. Nge2 e6 11. O-O O-O 12. Qd1 Nc4 13. b3 Nd6 14. Ba3 a5 15. Nf4 Re8 16. Qe2 b6 17. Rfc1 Ba6 18. Qd2 Rc8 19. Bxd6 Qxd6 20. Bf1 Bb7 21. Nd3 Na7 22. Rc2 Rc7 23. Rac1 Rec8 24. Nb1 Bc6 25. a4 Bf8 26. Ne5 Be8 27. Rxc7 Rxc7 28. Rxc7 Qxc7 29. Qc3 Qd8 30. Qc1 f6 31. Nd3 g5 32. Nc3 Bg6 33. Nb5 Nxb5 34. axb5 Be8 35. Nb2 Bd7 36. Na4 Qb8 37. Qc2 1/2-1/2

[Variant "Standard"]
[Site "Europe Echecs"]

[Event "Sunway Sitges Chess Festival"]
[Date "2024.12.22"]
[White "Gorshtein, Ido"]
[Black "Gavrilescu, David"]
[WhiteElo "2422"]
[BlackElo "2549"]
[Round "10.4"]
[Result "1-0"]
[TimeControl "40/5400+30:1800+30"]

1. c4 e6 2. Nc3 d5 3. d4 Nf6 4. cxd5 exd5 5. Bg5 c6 6. e3 h6 7. Bh4 Be7 8. Bd3 O-O 9. Nge2 Ne8 10. Bg3 Nd6 11. O-O Re8 12. b4 Na6 13. b5 Nb4 14. bxc6 bxc6 15. Bb1 a5 16. Na4 Nc4 17. Nf4 Na3 18. Qb3 Nxb1 19. Rfxb1 Bf5 20. Rc1 Rb8 21. Qd1 Rc8 22. Rc3 Na6 23. Rac1 c5 24. Nxc5 Nxc5 25. dxc5 Bf6 26. Ne2 Bxc3 27. Rxc3 Bg4 28. f3 Bd7 29. Qxd5 Be6 30. Qxd8 Rexd8 31. Nd4 Bxa2 32. c6 a4 33. c7 Re8 34. Nb5 Be6 35. Nd6 Kf8 36. Nxc8 Rxc8 37. Bd6+ Ke8 38. e4 Kd7 39. e5 h5 40. Kf2 Ra8 41. Kg3 g5 42. h4 f6 43. Rd3 gxh4+ 44. Kxh4 f5 45. Kxh5 Rg8 46. Rd2 Bc4 47. Rc2 Bb3 48. Rc3 Be6 49. c8=Q+ Rxc8 50. Rxc8 Kxc8 51. Kg5 Kd8 52. Kf6 Kd7 53. Ba3 f4 54. Kg5 Bc4 55. Kxf4 Ke6 56. Bb2 Bf1 57. g4 Be2 58. Kg3 a3 59. Ba1 Kf7 60. f4 Kg6 61. Kh4 Bd3 62. f5+ 1-0

[Variant "Standard"]
[Site "Europe Echecs"]

[Event "Sunway Sitges Chess Festival"]
[Date "2024.12.22"]
[White "Alekseenko, Kirill"]
[Black "Anwesh, Upadhyaya"]
[WhiteElo "2673"]
[BlackElo "2379"]
[Round "10.5"]
[Result "1-0"]
[TimeControl "40/5400+30:1800+30"]

1. e4 e5 2. Nf3 Nc6 3. Bb5 a6 4. Ba4 f5 5. d3 fxe4 6. dxe4 Nf6 7. Bg5 d6 8. Bxf6 Qxf6 9. Nc3 Bg4 10. Nd5 Qd8 11. h3 Bxf3 12. Qxf3 b5 13. Qc3 Nd4 14. Bb3 c6 15. Ne3 g6 16. a4 Bh6 17. h4 Rf8 18. h5 b4 19. Qd2 Qg5 20. hxg6 hxg6 21. O-O-O a5 22. Kb1 O-O-O 23. Qd3 Rxf2 24. Qa6+ Kd7 25. Nf5 Rxf5 26. exf5 d5 27. f6 Bf8 28. Bxd5 Qxf6 29. Rxd4 1-0

[Variant "Standard"]
[Site "Europe Echecs"]

[Event "Sunway Sitges Chess Festival"]
[Date "2024.12.22"]
[White "Liu, Xiangyi"]
[Black "Maurizzi, Marc`Andria"]
[WhiteElo "2372"]
[BlackElo "2477"]
[Round "10.6"]
[Result "0-1"]
[TimeControl "40/5400+30:1800+30"]

1. e4 c5 2. Nf3 d6 3. g3 Nf6 4. c3 g6 5. Bg2 Bg7 6. O-O O-O 7. Re1 Nc6 8. h3 Nd7 9. d4 Rb8 10. a4 b6 11. Na3 Bb7 12. Rb1 Rc8 13. d5 Nce5 14. Nxe5 Nxe5 15. f4 Nd7 16. Nb5 a6 17. Na7 Rc7 18. e5 Nb8 19. Qb3 e6 20. Qxb6 Bxd5 21. Bxd5 exd5 22. exd6 Rd7 23. Qxc5 d4 24. cxd4 Rxd6 25. Be3 Qd7 26. Bf2 Rd5 27. Qe7 Qxh3 28. Rbd1 Rfd8 29. Qh4 Qd7 30. Re7 Qxa4 31. Rde1 Rf8 32. b3 Qxb3 33. Re8 Rh5 34. Qg4 Qd5 35. Kf1 Rh1+ 36. Bg1 Bxd4 0-1

[Variant "Standard"]
[Site "Europe Echecs"]